 Dungeon Crawl Stone Soup version 0.24-a0-640-ge7cd8ce796 (webtiles) character file.

Game seed: 13850416690948471036, levelgen mode: deterministic

2067 PowerBauer the Cleaver (level 9, 0/79 HPs)
             Began as a Minotaur Berserker on Sept 25, 2019.
             Was an Elder of Trog.
             Slain by an ogre
             ... wielding a +0 giant club
              (8 damage)
             ... on level 7 of the Dungeon.
             The game lasted 01:43:56 (5603 turns).

PowerBauer the Cleaver (Minotaur Berserker)         Turns: 5603, Time: 01:43:56

Health: 0/79       AC: 10    Str: 22    XL:     9   Next: 5%
Magic:  8/8        EV:  6    Int:  4    God:    Trog [****..]
Gold:   196        SH: 12    Dex: 13    Spells: 8/8 levels left

rFire    . . .     SeeInvis .   x - +0 war axe
rCold    . . .     Gourm    .   w - +0 large shield
rNeg     . . .     Faith    +   m - +0 chain mail
rPois    .         Spirit   .   (helmet restricted)
rElec    .         Reflect  .   (no cloak)
rCorr    .         Harm     .   (no gloves)
MR       ++...                  (no boots)
Stlth    ..........             d - amulet of faith
HPRegen  1.23/turn              (no ring)
MPRegen  0.11/turn              (no ring)

@: about to teleport, berserk cooldown, regenerating, slowed, very slow
A: retaliatory headbutt, horns 2
a: Berserk, Trog's Hand, Brothers in Arms, Renounce Religion


You were on level 7 of the Dungeon.
You worshipped Trog.
Trog was greatly pleased with you.
You were near starving.

You visited 1 branch of the dungeon, and saw 7 of its levels.

You collected 196 gold pieces.

Inventory:

Hand Weapons
 g - a +2 spear of piercing
 x - a +0 war axe (weapon)
 D - a +0 war axe
Missiles
 h - 242 stones
 k - 8 atropa-tipped darts
 A - 23 poisoned darts (quivered)
Armour
 m - a +0 chain mail (worn)
 o - a +0 ring mail
 q - a +0 scale mail
 w - a +0 large shield (worn)
Jewellery
 d - an amulet of faith (around neck)
Wands
 u - a wand of polymorph (10)
 y - a wand of iceblast (9)
Scrolls
 a - a scroll of enchant weapon {unknown}
 b - a scroll of teleportation
 f - 8 scrolls of remove curse
 j - 5 scrolls of identify
 n - a scroll of immolation {unknown}
 p - a scroll of fog
 t - a scroll of magic mapping {unknown}
 v - 2 scrolls of amnesia {unknown}
Potions
 e - a potion of degeneration {unknown}
 i - a potion of flight {unknown}
 l - 4 potions of curing
 r - a potion of lignification {unknown}
 z - a potion of resistance {unknown}
 C - a potion of haste {unknown}
Comestibles
 c - 7 rations
 B - 4 chunks of flesh


   Skills:
 + Level 7.3 Fighting
 * Level 9.7 Axes
 + Level 6.7 Armour
 + Level 6.1 Dodging


You had 8 spell levels left.
You didn't know any spells.
Your spell library contained the following spells:

 Spells                   Type           Power        Failure   Level  Hunger
 Magic Dart               Conj           #...         100%        1    ##.....


Dungeon Overview and Level Annotations

Branches:
Dungeon (7/15)             Temple (0/1) D:6

Altars:
Dithmenos
Fedhas
Gozag
Hepliaklqana
Kikubaaqudgha
Nemelex Xobeh
Ru
Sif Muna
Vehumet
Zin


Innate Abilities, Weirdness & Mutations

You reflexively headbutt those who attack you in melee.
You have a pair of horns on your head.


Message History

Your shield and chain mail prevent you from hitting the gnoll.
The jackal barks!
You hit the ogre. You block the gnoll's attack.
The gnoll hits you with a +0 halberd.
A jackal comes into view.
The ogre hits you with a +0 giant club!!
* * * LOW HITPOINT WARNING * * *
The gnoll hits you but does no damage.
Unknown command.
You closely miss the gnoll.
The gnoll is lightly wounded.
You closely miss the gnoll.
The jackal barks!
You slash the ogre! You block the gnoll's attack. The ogre barely misses you.
The gnoll hits you with a cursed -3 halberd!
* * * LOW HITPOINT WARNING * * *
You block the gnoll's attack.
As you read the scroll of teleportation, it crumbles to dust.
You feel strangely unstable. The ogre hits you with a +0 giant club!
You die...

# .#. ###
...####..
.........
........#
.....ysy###.#..
.....yggOhhh...
#@# #.# #.# #.#
#####÷# #...†.#
#.#####
#########'##
####..........#


You could see an ogre, 3 killer bees, 2 gnolls, 3 jackals and a giant cockroach.

Vanquished Creatures
  The ghost of flogoulo the Slasher, a novice GrGl (D:5)
  3 sky beasts
  An ice beast (D:6)
  An ogre (D:3)
  A phantom (D:6)
  3 centaurs
  2 bullfrogs
  A scorpion (D:6)
  A killer bee (D:7)
  A howler monkey (D:5)
  2 crimson imps
  2 hounds (D:7)
  3 jellies
  2 orc wizards
  3 iguanas
  3 worker ants (D:6)
  A hound zombie (D:6)
  A hound skeleton (D:4)
  Robin (D:3)
  3 adders
  6 gnolls
  A shadow imp (D:7)
  An adder zombie (D:6)
  An adder skeleton (D:4)
  4 worms
  A dart slug (D:2)
  2 leopard geckos
  12 orcs
  5 bats
  10 giant cockroaches
  12 goblins
  10 hobgoblins
  11 jackals
  2 quokkas
  A ball python (D:2)
  4 frilled lizards
  A jackal skeleton (D:6)
  8 kobolds
  A quokka zombie (D:6)
  3 rats
132 creatures vanquished.

Notes
Turn   | Place    | Note
-------+----------+-------------------------------------------
     0 | D:1      | PowerBauer the Minotaur Berserker began the quest for the
                  | Orb.
     0 | D:1      | Reached XP level 1. HP: 19/19 MP: 0/0
   279 | D:1      | Reached XP level 2. HP: 27/27 MP: 1/1
   322 | D:1      | Reached skill level 4 in Axes
   755 | D:2      | Reached XP level 3. HP: 33/33 MP: 2/2
   839 | D:2      | Reached ** piety under Trog
   946 | D:2      | Found a sacrificial altar of Ru.
   952 | D:2      | Reached XP level 4. HP: 38/40 MP: 3/3
  1166 | D:2      | Reached skill level 5 in Axes
  1408 | D:3      | Noticed an ogre
  1419 | D:3      | Killed an ogre
  1419 | D:3      | Reached XP level 5. HP: 47/47 MP: 4/4
  1507 | D:3      | Noticed Robin
  1517 | D:3      | Killed Robin
  1521 | D:3      | Reached *** piety under Trog
  1828 | D:3      | Found an ancient bone altar of Kikubaaqudgha.
  1831 | D:3      | Found a shimmering blue altar of Sif Muna.
  1833 | D:3      | Found a radiant altar of Vehumet.
  1836 | D:3      | Identified Vehumet's Compendium of Conjuration
  2317 | D:4      | Found a hazy altar of Hepliaklqana.
  2352 | D:4      | Noticed a centaur
  2371 | D:4      | Killed a centaur
  2371 | D:4      | Reached skill level 5 in Fighting
  2371 | D:4      | Reached skill level 6 in Axes
  2371 | D:4      | Reached XP level 6. HP: 32/56 MP: 5/5
  3090 | D:4      | Found a sacrificial altar of Ru.
  3093 | D:4      | Found an opulent altar of Gozag.
  3096 | D:4      | Found a sparkling altar of Nemelex Xobeh.
  3099 | D:4      | Found a blossoming altar of Fedhas.
  3292 | D:5      | Entered Level 5 of the Dungeon
  3476 | D:5      | Reached XP level 7. HP: 61/61 MP: 6/6
  3643 | D:5      | Found a large runed translucent door.
  3643 | D:5      | Found a large runed translucent door.
  3644 | D:5      | Noticed flogoulo's ghost (novice GrGl)
  3910 | D:5      | Reached skill level 7 in Axes
  4128 | D:5      | Reached skill level 5 in Armour
  4475 | D:5      | Killed flogoulo's ghost
  4475 | D:5      | Reached skill level 8 in Axes
  4475 | D:5      | Reached skill level 5 in Dodging
  4475 | D:5      | Reached XP level 8. HP: 71/71 MP: 7/7
  4605 | D:6      | Found a staircase to the Ecumenical Temple.
  4654 | D:6      | Found a glowing silver altar of Zin.
  4751 | D:6      | Reached **** piety under Trog
  4893 | D:6      | Reached skill level 9 in Axes
  5398 | D:7      | Found a shadowy altar of Dithmenos.
  5573 | D:7      | Reached XP level 9. HP: 61/79 MP: 8/8
  5603 | D:7      | Slain by an ogre

Levels and vault maps discovered:
D:1:      eino_arrival_cavern_b, layout_basic, chequers_decorated_corner,
          serial_bayou_ford_a, chequers_garden, interstate_on_off
D:2:      layout_basic, nicolae_ru_great_annihilating_truth
D:3:      layout_loops_corners, grunt_temple_overflow_magic_moments, uniq_robin
D:4:      layout_basic, grunt_temple_overflow_cloverleaf, old_standard_altar,
          grunt_ministairs_10
D:5:      layout_gridville, ebering_ghost_disaster_area, first_ration
D:6:      layout_basic, zin_statuary, minmay_temple_entry_stoned_glass,
          minmay_tree_intersection, minmay_liquid_box, eino_curves_03
D:7:      layout_basic, nicolae_dithmenos_shadow_blocks, kennysheep_ying_yang

Skill      XL: |  1  2  3  4  5  6  7  8 |
---------------+-------------------------+-----
Axes           | 4 5 6 8 9 |  9.7
Fighting       | 4 5 6 7 |  7.3
Armour         | 3 4 5 6 |  6.7
Dodging        | 3 4 5 6 |  6.1

Action                   |  1- 3 |  4- 6 |  7- 9 || total
-------------------------+-------+-------+-------++-------
Melee: Hand axe          |    57 |    60 |       ||   117
       Headbutt          |     9 |    17 |    39 ||    65
       War axe           |       |    50 |   175 ||   225
Throw: Stone             |     6 |     4 |       ||    10
       Dart              |       |       |     2 ||     2
Invok: Berserk           |       |     3 |     3 ||     6
       Trog's Hand       |       |       |     2 ||     2
  Use: Scroll            |       |     6 |     1 ||     7
       Potion            |       |       |     2 ||     2
 Stab: Paralysed         |       |     1 |       ||     1
  Eat: Chunk             |       |    11 |     2 ||    13
       Ration            |       |       |     2 ||     2
Armor: Animal skin       |     4 |       |       ||     4
       Scale mail        |       |    29 |       ||    29
       Ring mail         |       |     2 |       ||     2
       Chain mail        |       |    16 |    80 ||    96
Dodge: Dodged            |    39 |    57 |    36 ||   132
Block: Large shield      |       |       |   109 ||   109

Table legend:
 A = Non-vault XP
 B = Vault XP
 C = Vault XP percentage of total XP
 D = Non-vault monster count
 E = Vault monster count
 F = Vault count percentage of total count
                 A         B        C        D         E       F
            +---------+---------+-------+---------+---------+-------
      Total |    2282 |     671 |  22.7 |     115 |      17 |  12.9
            +---------+---------+-------+---------+---------+-------
        D:1 |      31 |       0 |   0.0 |      19 |       0 |   0.0
        D:2 |     105 |      43 |  29.1 |      20 |       4 |  16.7
        D:3 |     145 |      32 |  18.1 |      13 |      11 |  45.8
        D:4 |      57 |     112 |  66.3 |      11 |       1 |   8.3
        D:5 |     645 |     484 |  42.9 |      14 |       1 |   6.7
        D:6 |    1004 |       0 |   0.0 |      28 |       0 |   0.0
        D:7 |     295 |       0 |   0.0 |      10 |       0 |   0.0
            +---------+---------+-------+---------+---------+-------
